 Dungeon Crawl Stone Soup version 0.30-a0-860-g512cf1e979 (webtiles) character file.

Game seed: 11591942207279582729

281 112233 the Slasher (level 6, -2/32 (47) HPs)
             Began as a Human Reaver on Mar 7, 2023.
             Killed from afar by Blork the orc (7 damage)
             ... with a magic dart
             ... on level 4 of the Dungeon.
             The game lasted 00:03:36 (3095 turns).

112233 the Slasher (Human Reaver)                   Turns: 3095, Time: 00:03:37

HP:   -2/32 (47)    AC: 11    Str: 12    XL:     6   Next: 53%
MP:   10/10         EV: 12    Int: 15    God:
Gold: 215           SH:  0    Dex: 12    Spells: 8/11 levels left

rFire   + . .      SeeInvis .    p - +2 trident (protect)
rCold   . . .      Faith    .    (no shield)
rNeg    . . .      Spirit   .    b - +0 leather armour
rPois   +          Reflect  .    (no helmet)
rElec   .          Rampage  .    c - +0 cloak
rCorr   .                        (no gloves)
Will    .....                    (no boots)
Stlth   +                        (no amulet)
HPRegen 0.25/turn                w - ring of poison resistance
MPRegen 0.12/turn                f - ring of protection from fire

@: brilliant, under a protective aura, very heavily drained
A: no striking features
a: no special abilities


You were on level 4 of the Dungeon.
You visited 1 branch of the dungeon, and saw 4 of its levels.
You also visited: Sewer.

You collected 215 gold pieces.

Inventory:

Hand Weapons
 a - a +0 falchion
 d - the +2 dagger of Disintegration {drain, *Corrode rPois Str+2}
   (You found it in a sewer)

   Str:       It affects your strength (+2).
   rPois:     It protects you from poison.
   *Corrode:  It may corrode you when you take damage.
 p - a +2 trident of protection (weapon)
 s - a +1 spectral club
 y - a +1 short sword of holy wrath
Missiles
 k - a throwing net
Armour
 b - a +0 leather armour (worn)
 c - a +0 cloak (worn)
 j - a +0 buckler
Jewellery
 f - a ring of protection from fire (right hand)
 r - a ring of protection from cold
 w - a ring of poison resistance (left hand)
Scrolls
 e - 2 scrolls of teleportation
 g - a scroll of noise {unknown}
 h - a scroll of amnesia {unknown}
 l - 2 scrolls of identify {unknown}
 m - 2 scrolls of blinking {unknown}
 o - 2 scrolls of vulnerability {unknown}
 q - 3 scrolls of poison {unknown}
 u - a scroll of enchant armour {unknown}
 v - a scroll of fog {unknown}
Potions
 i - 5 potions of flight
 n - a potion of brilliance
 t - a potion of mutation {unknown}
 x - a potion of magic {unknown}


   Skills:
 + Level 3.0 Fighting
 * Level 4.5 Long Blades
 + Level 3.1 Dodging
 + Level 3.0 Spellcasting
 + Level 3.9 Conjurations


You had 8 spell levels left.
You knew the following spells:

 Your Spells              Type           Power      Damage    Failure   Level
a - Kiss of Death         Conj/Necr      48%        2d9       12%         1
b - Momentum Strike       Conj/Tloc      24%        3d8       17%         2

Your spell library contained the following spells:

 Spells                   Type           Power      Damage    Failure   Level
 Slow                     Hex            12%        N/A       26%         1
 Hailstorm                Conj/Ice       12%        3d5       34%         3
 Confusing Touch          Hex            3%         N/A       58%         3
 Vampiric Draining        Necr           3%         2d6       58%         3
 Animate Dead             Necr           3%         N/A       94%         4
 Haunt                    Necr/Summ      1%         N/A       100%        7
 Infestation              Necr           1%         N/A       100%        8


Dungeon Overview and Level Annotations

Branches:
Dungeon (4/15)              Sewer (visited)
 Temple: D:4-7

Altars:
Ashenzari
Okawaru
The Shining One

Shops:
D:4 (

Annotations:
D:4 Blork the orc, Edmund


Message History

The magic dart hits you.
You see here a ball python corpse.
As you read the scroll of teleportation, it crumbles to dust.
You feel strangely unstable.
Unknown command.
Blork the orc casts a spell.
Blork the orc seems to speed up.
Your surroundings suddenly seem different.
Items here: )) [ ††.
Blork the orc shouts!
You see here a ball python corpse.
Blork the orc gestures at you while chanting.
The magic dart hits you.
You start resting.
Blork the orc is nearby!
Blork the orc barely misses you. Blork the orc closely misses you.
You hit Blork the orc.
Your weapon exudes an aura of protection.
Blork the orc is lightly wounded.
Blork the orc hits you with a +0 glaive!
You puncture Blork the orc!
Blork the orc is moderately wounded.
Blork the orc gestures wildly while chanting.
Blork the orc seems to speed up.
You hit Blork the orc.
Blork the orc is moderately wounded.
Blork the orc misses you.
Blork the orc hits you with a +0 glaive!
You are too injured to fight recklessly!
You are too injured to fight recklessly!
You are too injured to fight recklessly!
You are too injured to fight recklessly!
It was a potion of brilliance.
You feel clever all of a sudden.
Blork the orc hits you with a +0 glaive!
* * * LOW HITPOINT WARNING * * *
Blork the orc points at you and mumbles some strange words.
The magic dart hits you!
You die...

####### #......
######################### #......
........................# #......
################.######.# #......
##.............#.######.###......
.................o.....†.........
##.###########[#@#######.##......
##.# ##.#.#### #..#...... ...#
#.......# ##........ ...#
#.......# #.####.) ...# #.......#
.# .. #..##########.......# #.# .
#..............#.#### #
##.#############†#
.................#


You could see Blork the orc (fast).

Vanquished Creatures
  Jessica (D:2)
  A sickly merfolk siren (Sewer)
  A malarious merfolk avatar (Sewer)
  3 river rats (Sewer)
  10 adders
  2 dart slugs
  3 orcs
  5 bats
  7 endoplasms
  3 giant cockroaches
  8 goblins
  2 hobgoblins
  4 jackals (D:3)
  4 kobolds
  4 quokkas
  8 ball pythons
  7 frilled lizards
  25 rats
98 creatures vanquished.

Vanquished Creatures (others)
  A fungus (D:3)
  11 plants (D:3)
12 creatures vanquished.

Grand Total: 110 creatures vanquished

Notes
Turn   | Place    | Note
-------+----------+-------------------------------------------
     0 | D:1      | 112233 the Human Reaver began the quest for the Orb.
     0 | D:1      | Reached XP level 1. HP: 16/16 MP: 3/3
    96 | D:1      | Reached XP level 2. HP: 22/22 MP: 5/5
   954 | D:2      | Reached XP level 3. HP: 27/27 MP: 6/6
  1386 | D:2      | Found a glowing golden altar of the Shining One.
  1423 | D:2      | Noticed Jessica
  1433 | D:2      | Killed Jessica
  1434 | D:2      | Reached XP level 4. HP: 31/34 MP: 7/7
  1794 | D:3      | Found an iron altar of Okawaru.
  2042 | D:3      | Found a glowing drain.
  2073 | D:3      | Reached XP level 5. HP: 34/39 MP: 8/8
  2078 | Sewer    | Entered a sewer
  2130 | Sewer    | Reached skill level 4 in Long Blades
  2204 | Sewer    | Learned a level 2 spell: Momentum Strike
  2368 | Sewer    | Reached XP level 6. HP: 23/43 MP: 10/10
  2446 | Sewer    | Identified the +2 dagger of Disintegration {drain, *Corrode
                  | rPois Str+2}
  2630 | D:3      | Found a broken altar of Ashenzari.
  2822 | D:4      | Found Zazxeix's Antique Weapon Shoppe.
  3000 | D:4      | Noticed Blork the orc
  3000 | D:4      | Noticed Edmund
  3095 | D:4      | Killed from afar by Blork the orc

Illustrated notes

Levels and vault maps discovered:
D:1:      minmay_arrival_cross, layout_basic, chequers_serial_rivers_small_3,
          minmay_misc_feat_columns
D:2:      layout_basic, serial_forest, infiniplex_forest_corner_1,
          infiniplex_forest_split, infiniplex_forest_straight_4,
          infiniplex_forest_straight_2, infiniplex_forest_join,
          infiniplex_forest_lined_2, infiniplex_forest_straight_4,
          infiniplex_forest_lined_3_way, infiniplex_forest_zigzag_1,
          basic_altar, uniq_jessica
D:3:      layout_basic, nicolae_ashenzari_skybound,
          mainiacjoe_overflow_chevrons, gup_sewer_entry_glass
D:4:      layout_basic, serial_shops, shop, uniq_blork_the_orc, uniq_edmund

Skill      XL: |  1  2  3  4  5  6 |
---------------+-------------------+-----
Long Blades    | 4 |  4.5
Dodging        | 3 |  3.1
Fighting       | 3 |  3.0
Spellcasting   | 3 |  3.0
Conjurations   | |  3.9

Action                     |  1- 3 |  4- 6 || total
---------------------------+-------+-------++-------
  Melee: Falchion          |    81 |       ||    81
         Trident           |     9 |   219 ||   228
         Punch             |     1 |       ||     1
   Cast: Kiss of Death     |       |     3 ||     3
    Use: Potion            |       |     4 ||     4
         Scroll            |       |     1 ||     1
   Stab: Sleeping          |       |     3 ||     3
 Armour: Leather armour    |    45 |    89 ||   134
  Dodge: Dodged            |    57 |   155 ||   212

Table legend: (Time is in decaauts)
 A = Elapsed time spent in this place.
 B = Non-inter-level travel time spent in this place.
 C = Inter-level travel time spent in this place.
 D = Time resting spent in this place.
 E = Time spent auto-exploring this place.
 F = Levels seen in this place.
 G = Mean time per level.
                   A        B        C        D        E       F      G
               +--------+--------+--------+--------+--------+-----+--------+
         Total |   3206 |   3100 |    106 |     10 |   2374 |   5 |  641.2 |
       Dungeon |   2762 |   2656 |    106 |      4 |   2180 |   4 |  690.5 |
         Sewer |    444 |    444 |      0 |      6 |    193 |   1 |  444.0 |
               +--------+--------+--------+--------+--------+-----+--------+

Top non-repeatable levels by time:
     D:1: 950 daAuts
     D:2: 858 daAuts
     D:3: 672 daAuts
   Sewer: 444 daAuts
     D:4: 282 daAuts
